 Dungeon Crawl Stone Soup version 0.28-a0-533-g9f97627e2a (webtiles) character file.

Game seed: 103093864437345598

6 gbos the Skirmisher (level 1, -8/19 HPs)
             Began as a Draconian Cinder Acolyte on Sept 25, 2021.
             Was a High Priest of Ignis.
             Mangled by a kobold (15 damage)
             ... on level 1 of the Dungeon.
             The game lasted 00:00:55 (134 turns).

gbos the Skirmisher (Draconian Cinder Acolyte)       Turns: 134, Time: 00:00:55

Health: -8/19      AC:  4    Str: 16    XL:     1   Next: 75%
Magic:  2/2        EV: 11    Int: 14    God:    Ignis [*****.]
Gold:   0          SH:  0    Dex:  6    Spells: 2/2 levels left

rFire   + . .      SeeInvis .   a - -1 spear (flame)
rCold   . . .      Faith    .   (no shield)
rNeg    . . .      Spirit   .   (armour unavailable)
rPois   .          Reflect  .   (helmet restricted)
rElec   .          Harm     .   (no cloak)
rCorr   .          Rampage  .   (no gloves)
Will    .....                   (no boots)
Stlth   +.........              (no amulet)
HPRegen 0.06/turn               (no ring)
MPRegen 0.08/turn               (no ring)

@: no status effects
A: AC +4, unfitting armour, cold-blooded
a: Renounce Religion, Sea of Fire, Foxfire Swarm, Rising Flame


You were on level 1 of the Dungeon.
You worshipped Ignis.
Ignis was extremely pleased with you.
You visited 1 branch of the dungeon, and saw 1 of its levels.


Innate Abilities, Weirdness & Mutations

Your plain brown scales are hard. (AC +4)
You cannot fit into any form of body armour.
You are cold-blooded and may be slowed by cold attacks.


   Skills:
 + Level 3.4 Fighting
 + Level 3.1 Polearms
 + Level 0.5 Dodging
 - Level 1.0 Spellcasting
 - Level 3.0 Fire Magic


You had 2 spell levels left.
You didn't know any spells.
Your spell library contained the following spells:

 Spells                   Type           Power      Damage    Failure   Level
 Scorch                   Fire           18%        2d5       12%         2

Inventory:

Hand Weapons
 a - a -1 spear of flaming (weapon)
Potions
 b - a potion of heal wounds {unknown}

Dungeon Overview and Level Annotations

Branches:
Dungeon (1/15)

Altars:

..▒▒▒▒.▒▒▒▒...▒ ▒...▒▒.▒
....▒▒'▒▒....▒▒ ▒...▒▒.▒▒▒
▒...........▒▒ ▒▒........▒
▒▒▒.......▒▒▒
▒▒.....▒'▒+▒▒▒▒
▒▒▒▒▒▒▒▒▒▒▒▒▒......†......▒
▒▒▒................▒
...................▒
...................▒
......Kd...........▒
...................▒
...................▒
.....[.............▒
..........▒+▒▒▒▒▒▒▒▒
..........▒ ..........▒
.▒▒▒.▒▒▒▒▒▒ ▒.


You could see a kobold.


Message History

You burn the ball python.
You kill the ball python!
No target in view!
Found a cloak.
A kobold comes into view.
It is wielding a +2 whip of electrocution.
The kobold shouts!
A kobold is nearby!
A kobold is nearby!
You reach to attack!
You closely miss the kobold. You barely miss the kobold.
The kobold hits you with a +2 whip of electrocution.
You barely miss the kobold. You tail-slap the kobold.
The kobold is severely wounded.
The kobold barely misses you.
You closely miss the kobold.
The kobold is heavily wounded.
The kobold hits you with a +2 whip of electrocution.
You hit the kobold but do no damage.
The kobold is heavily wounded.
The kobold hits you with a +2 whip of electrocution.
* * * LOW HITPOINT WARNING * * *
You barely miss the kobold.
The kobold is heavily wounded.
The kobold hits you with a +2 whip of electrocution.
* * * LOW HITPOINT WARNING * * *
You are electrocuted!
Ouch! That really hurt!
You die...

Action                   || total
-------------------------++-------
Melee: Spear             ||    17
       Tailslap          ||     2
Armor: Skin              ||     1
Dodge: Dodged            ||     2

Levels and vault maps discovered:
D:1:      dpeg_arrival_concentric_ovals, layout_basic

Notes
Turn   | Place    | Note
-------+----------+-------------------------------------------
     0 | D:1      | gbos the Draconian Cinder Acolyte began the quest for the
                  | Orb.
     0 | D:1      | Reached XP level 1. HP: 19/19 MP: 2/2
   134 | D:1      | Mangled by a kobold

Vanquished Creatures
  A dart slug (D:1)
  An endoplasm (D:1)
  A goblin (D:1)
  A ball python (D:1)
4 creatures vanquished.

Table legend: (Time is in decaauts)
 A = Elapsed time spent in this place.
 B = Non-inter-level travel time spent in this place.
 C = Inter-level travel time spent in this place.
 D = Time resting spent in this place.
 E = Time spent auto-exploring this place.
 F = Levels seen in this place.
 G = Mean time per level.
                   A        B        C        D        E       F      G
               +--------+--------+--------+--------+--------+-----+--------+
         Total |    133 |    133 |      0 |      0 |    100 |   1 |  133.0 |
       Dungeon |    133 |    133 |      0 |      0 |    100 |   1 |  133.0 |
               +--------+--------+--------+--------+--------+-----+--------+

Top non-repeatable levels by time:
     D:1: 133 daAuts
